 Dungeon Crawl Stone Soup version 0.25.0-65-g31bcc41 (webtiles) character file.

1445 Dorkslayer the Shield-Bearer (level 8, -2/78 HPs)
             Began as a Gargoyle Fighter on Nov 14, 2020.
             Was an Initiate of Okawaru.
             Slain by a manticore (6 damage)
             ... on level 2 of the Dungeon.
             The game lasted 00:05:20 (814 turns).

Dorkslayer the Shield-Bearer (Gargoyle Fighter)      Turns: 814, Time: 00:05:21

Health: -2/78      AC: 24    Str: 24    XL:     8   Next: 75%
Magic:  8/8        EV:  2    Int: 10    God:    Okawaru [......]
Gold:   214        SH: 16    Dex:  9    Spells: 7/7 levels left

rFire    . . .     SeeInvis .   a - +0 long sword
rCold    . . .     Gourm    .   i - +0 large shield
rNeg     + + +     Faith    .   (armour currently unavailable)
rPois    ∞         Spirit   .   (helmet currently unavailable)
rElec    .         Reflect  .   (cloak currently unavailable)
rCorr    .         Harm     .   (gloves currently unavailable)
MR       .....     NoTele   +   (boots currently unavailable)
Stlth    +.........             (no amulet)
HPRegen  0.23/turn              n - +3 ring of strength
MPRegen  0.11/turn              (no ring)

@: tree-form
A: negative energy resistance 1, petrification resistance, rot immunity, AC +5
a: Renounce Religion


You were on level 2 of the Dungeon.
You worshipped Okawaru.
Okawaru was noncommittal.
You were not hungry.
You were a tree.
You visited 2 branches of the dungeon, and saw 3 of its levels.

You collected 214 gold pieces.

Inventory:

Hand Weapons
 a - a +0 long sword (weapon)
Missiles
 c - 12 tomahawks (quivered)
Armour
 b - a +0 scale mail (melded)
 i - a +0 large shield (worn)
 l - a +0 pair of gloves (melded)
Jewellery
 n - a +3 ring of strength (left branch)
Scrolls
 g - 2 scrolls of remove curse
 o - a scroll of magic mapping
 q - a scroll of random uselessness {unknown}
 t - a scroll of enchant weapon {unknown}
 u - a scroll of enchant armour {unknown}
Potions
 e - a potion of brilliance
 r - 2 potions of flight
Comestibles
 f - 4 rations


   Skills:
 + Level 6.7 Fighting
 + Level 4.3 Long Blades
 + Level 6.6 Armour
 + Level 0.8 Dodging
 + Level 7.0 Shields


You had 7 spell levels left.
You didn't know any spells.
Your spell library was empty.

Dungeon Overview and Level Annotations

Branches:
Dungeon (2/3)              Temple (1/1) D:1          Shoals (0/1) D:2
  Slime (0/1) D:2             Orc (0/1) D:2
  Snake: D:2-3       Spider: D:2-3       Vaults: D:2-3

Altars:
Cheibriados
Dithmenos
Elyvilon
Fedhas
Gozag
Hepliaklqana
Makhleb
Nemelex Xobeh
Okawaru
Qazlal
Ru
Sif Muna
Trog
Uskayaw
Vehumet
Yredelemnul
The Shining One


Innate Abilities, Weirdness & Mutations

You are resistant to torment.
((Your stone body is resilient. (AC +5)))
You are immune to poison.
You resist negative energy. (rN+)
((You are resistant to electric shocks. (rElec)))
((You can survive without breathing.))
You are immune to petrification.
You are immune to rotting.


Message History

The bullfrog snags a nearby mosquito with its tongue.
You block the cyclops's attack.
You hit the manticore but do no damage.
The manticore is lightly wounded.
The manticore bites you!
* * * LOW HITPOINT WARNING * * *
You block the manticore's attack. x2
The cyclops hits you but does no damage.
You closely miss the manticore.
The manticore is lightly wounded.
The manticore bites you but does no damage.
The manticore claws you but does no damage. x2
You block the cyclops's attack.
You hit the manticore.
The manticore is lightly wounded.
You block the manticore's attack.
The manticore claws you but does no damage. x2
The manticore bites you but does no damage.
You block the manticore's attack. The manticore claws you.
You die...

*******,,,,,,,,**,,....C.**#.###,
**,,..#*,,,,,,$....,,....##
**,,..*##***,,,../##..#%..
****..,.(******#..#.[...)
*#[**.########O.#.....
#..*,..##§§FlF(..%#,,
*#.#*#.##§####(...#*,
#..##H#.%.#*###...#,
*#.♣HF..#§,** *##[.#
###C.....).#** *... #.h.....>..,*
**O. #######...#,****,#
*,,...,,,,,,* *,,,..,,,,,,,
*,,,,$,,,,,,, *,,,,,,,,,,**
*************


You could see a manticore, a cyclops, a hippogriff, a bullfrog and a hound.

Vanquished Creatures
  An ogre (D:1)
  A centaur (D:1)
  A jelly (D:1)
  An orc wizard (D:1)
  A centaur skeleton (D:1)
  An iguana (D:1)
  An adder (D:1)
  2 orcs (D:1)
  3 jackals (D:1)
12 creatures vanquished.

Vanquished Creatures (others)
  An orc wizard (D:1)
  An orc (D:1)
2 creatures vanquished.

Grand Total: 14 creatures vanquished

Notes
Turn   | Place    | Note
-------+----------+-------------------------------------------
     0 | D:1      | Dorkslayer the Gargoyle Fighter began the quest for the
                  | Orb.
     0 | D:1      | Reached XP level 1. HP: 14/14 MP: 1/1
     9 | D:1      | Noticed an iguana
     9 | D:1      | Noticed a jelly
    16 | D:1      | Killed an iguana
    16 | D:1      | Reached skill level 4 in Shields
    16 | D:1      | Reached XP level 2. HP: 20/20 MP: 2/2
    16 | D:1      | Reached XP level 3. HP: 24/24 MP: 3/3
    16 | D:1      | Reached XP level 4. HP: 30/30 MP: 4/4
    16 | D:1      | Reached XP level 5. HP: 34/34 MP: 5/5
    19 | D:1      | Reached XP level 6. HP: 32/40 MP: 6/6
    28 | D:1      | Reached skill level 5 in Fighting
    28 | D:1      | Reached skill level 5 in Armour
    28 | D:1      | Reached skill level 5 in Shields
    44 | D:1      | Found a shadowy altar of Dithmenos.
   151 | D:1      | Found a blossoming altar of Fedhas.
   229 | D:1      | Found a staircase to the Ecumenical Temple.
   245 | D:1      | Found a hide-covered altar of Uskayaw.
   268 | D:1      | Reached XP level 7. HP: 29/44 MP: 7/7
   273 | D:1      | Reached skill level 6 in Shields
   273 | D:1      | Reached XP level 8. HP: 35/51 MP: 8/8
   342 | D:1      | Found a radiant altar of Vehumet.
   440 | D:1      | Reached skill level 7 in Shields
   462 | D:1      | Found a basalt altar of Yredelemnul.
   504 | D:1      | Found a glowing golden altar of the Shining One.
   532 | Temple   | Entered the Ecumenical Temple
   547 | Temple   | Became a worshipper of Warmaster Okawaru
   618 | D:1      | Found a stormy altar of Qazlal.
   685 | D:1      | Found a snail-covered altar of Cheibriados.
   780 | D:2      | Noticed a cyclops
   780 | D:2      | Noticed a wyvern
   788 | D:2      | Noticed a hippogriff
   789 | D:2      | Noticed a manticore
   796 | D:2      | Found a staircase to the Shoals.
   812 | D:2      | HP: 3/78 [manticore (10)]
   814 | D:2      | Slain by a manticore

Skill      XL: |  1  2  3  4  5  6  7  8 |
---------------+-------------------------+-----
Fighting       | 4 5 6 |  6.7
Long Blades    | 2 3 4 |  4.3
Armour         | 4 5 6 |  6.6
Shields        | 4 5 6 7 |  7.0
Dodging        | |  0.8

Action                   |  1- 3 |  4- 6 |  7- 9 || total
-------------------------+-------+-------+-------++-------
Melee: Long sword        |     4 |    11 |    36 ||    51
  Use: Potion            |     1 |       |     6 ||     7
       Scroll            |       |       |     8 ||     8
Armor: Scale mail        |     2 |     2 |    38 ||    42
       Skin              |       |       |    15 ||    15
Dodge: Dodged            |     3 |     6 |    13 ||    22
Block: Shield            |       |     3 |       ||     3
       Large shield      |       |     9 |    52 ||    61
       Rpst.: Long sword |     2 |     1 |     1 ||     4
